 Dungeon Crawl Stone Soup version 0.25-a0-346-g140ab784a8 (webtiles) character file.

Game seed: 10614320455512914559, levelgen mode: deterministic

805 pk666 the Magician (level 7, -1/36 HPs)
             Began as a Deep Elf Wizard on Dec 31, 2019.
             Was an Initiate of Vehumet.
             Slain by a bullfrog skeleton (6 damage)
             ... on level 5 of the Dungeon on Jan 1, 2020.
             The game lasted 00:10:27 (5832 turns).

pk666 the Magician (Deep Elf Wizard)                Turns: 5832, Time: 00:10:28

Health: -1/36      AC:  4    Str:  4    XL:     7   Next: 60%
Magic:  13/19      EV: 13    Int: 25    God:    Vehumet [......]
Gold:   200        SH:  3    Dex: 13    Spells: 9/20 levels left

rFire    . . .     SeeInvis .   w - +2 dagger (venom)
rCold    + . .     Gourm    .   (no shield)
rNeg     . . .     Faith    .   r - +2 robe {rC+}
rPois    .         Spirit   .   b - +0 hat
rElec    .         Reflect  +   (no cloak)
rCorr    .         Harm     .   (no gloves)
MR       .....                  (no boots)
Stlth    ++........             j - +3 amulet of reflection
HPRegen  0.12/turn              (no ring)
MPRegen  0.16/turn              (no ring)

@: no status effects
A: no striking features
a: Renounce Religion


You were on level 5 of the Dungeon.
You worshipped Vehumet.
Vehumet was noncommittal.
You were not hungry.

You visited 1 branch of the dungeon, and saw 5 of its levels.

You collected 200 gold pieces.

Inventory:

Hand Weapons
 w - a +2 dagger of venom (weapon)
Armour
 b - a +0 hat (worn)
 r - a +2 robe of cold resistance (worn)
Jewellery
 j - a +3 amulet of reflection (around neck)
 t - an uncursed ring of ice
Scrolls
 a - a scroll of teleportation {unknown}
 c - a scroll of remove curse {unknown}
 g - 2 scrolls of immolation {unknown}
 h - 5 scrolls of identify {unknown}
 i - a scroll of fear {unknown}
 k - a scroll of noise {unknown}
 m - 2 scrolls of blinking {unknown}
 n - a scroll of fog {unknown}
 o - a scroll of enchant weapon {unknown}
 s - 3 scrolls of random uselessness {unknown}
 u - a scroll of magic mapping {unknown}
Potions
 e - 2 potions of mutation {unknown}
 f - a potion of ambrosia {unknown}
 l - 2 potions of curing {unknown}
 p - a potion of lignification {unknown}
 q - a potion of heal wounds {unknown}
 v - 4 potions of brilliance {unknown}
Comestibles
 d - 9 rations


   Skills:
 - Level 3.1 Dodging
 - Level 2.4 Stealth
 + Level 7.2 Spellcasting
 + Level 4.7 Conjurations
 - Level 2.2 Summonings
 - Level 1.1 Translocations
 + Level 4.2 Fire Magic
 - Level 2.2 Air Magic
 - Level 2.0 Poison Magic


You had 9 spell levels left.
You knew the following spells:

 Your Spells              Type           Power        Failure   Level  Hunger
a - Magic Dart            Conj           ####         1%          1    None
b - Blink                 Tloc           N/A          6%          2    None
c - Conjure Flame         Conj/Fire      ####....     3%          3    None
d - Mephitic Cloud        Conj/Pois/Air  ###.....     6%          3    None
e - Call Imp              Summ           ###.....     3%          2    None

Your spell library contained the following spells:

 Spells                   Type           Power        Failure   Level  Hunger
 Slow                     Hex            #.......     10%         2    None


Dungeon Overview and Level Annotations

Branches:
Dungeon (5/15)
 Temple: D:4-7

Altars:
Ashenzari
Cheibriados
Fedhas
Gozag
Hepliaklqana
Vehumet
Xom
Yredelemnul


Message History

The bullfrog skeleton barely misses you.
Casting: Magic Dart (safe; 1% risk of failure)
Confirm with . or Enter, or press ? or * to list all spells.
Aiming: Magic Dart (safe; 1% risk of failure)
Press: ? - help, Shift-Dir - straight line, f/p - bullfrog skeleton
Aim: a bullfrog skeleton (severely damaged)
The magic dart hits the bullfrog skeleton.
The bullfrog skeleton is almost destroyed.
The bullfrog skeleton hits you but does no damage.
The bullfrog skeleton hits you.
* * * LOW HITPOINT WARNING * * *
Casting: Magic Dart (safe; 1% risk of failure)
Confirm with . or Enter, or press ? or * to list all spells.
Aiming: Magic Dart (safe; 1% risk of failure)
Press: ? - help, Shift-Dir - straight line, f/p - bullfrog skeleton
Aim: a bullfrog skeleton (almost destroyed)
The magic dart hits the bullfrog skeleton.
The bullfrog skeleton is almost destroyed.
The bullfrog skeleton hits you.
You die...

........# ........# ##
##....%... #.##........
##........... #
###..#<....# .
..#....##....#........
.........รท.[..........
. ........@#.#.........
. .....#..Z###.)$....{#
.. #....#...# #........
.. #.......###.......o
...
###.......#.(....#.##...
##..._........<#......
#.).8......##.#.<....
#..._......####.....o
#...........# ...h....


You could see a bullfrog skeleton.

Vanquished Creatures
  Sigmund (D:2)
  2 ogres
  2 scorpions
  A hound (D:4)
  An orc priest (D:4)
  3 orc wizards
  12 adders
  3 oozes
  3 worms
  A leopard gecko (D:2)
  20 orcs
  A ball python (D:3)
  10 bats
  6 giant cockroaches
  8 goblins
  6 hobgoblins
  3 jackals (D:2)
  9 kobolds
  12 frilled lizards
  10 rats
  A spectral orc (D:3)
115 creatures vanquished.

Vanquished Creatures (collateral kills)
  An adder (D:2)
  A rat (D:2)
2 creatures vanquished.

Grand Total: 117 creatures vanquished

Notes
Turn   | Place    | Note
-------+----------+-------------------------------------------
     0 | D:1      | pk666 the Deep Elf Wizard began the quest for the Orb.
     0 | D:1      | Reached XP level 1. HP: 10/10 MP: 7/7
   555 | D:1      | Reached XP level 2. HP: 15/15 MP: 6/9
   948 | D:1      | You fall into a shaft and drop 1 floor!
  1631 | D:2      | Reached XP level 3. HP: 7/19 MP: 0/11
  1718 | D:2      | Learned a level 2 spell: Blink
  1722 | D:2      | Learned a level 3 spell: Conjure Flame
  1726 | D:2      | Learned a level 3 spell: Mephitic Cloud
  1729 | D:2      | Learned a level 2 spell: Call Imp
  1747 | D:2      | Reached skill level 5 in Spellcasting
  2182 | D:2      | Reached skill level 1 in Fire Magic
  2218 | D:2      | Reached XP level 4. HP: 24/24 MP: 9/13
  2306 | D:2      | Noticed Sigmund
  2514 | D:2      | Killed Sigmund
  2514 | D:2      | Reached skill level 1 in Air Magic
  2514 | D:2      | Reached skill level 1 in Poison Magic
  2514 | D:2      | Reached XP level 5. HP: 21/28 MP: 1/15
  2824 | D:2      | Reached XP level 6. HP: 32/32 MP: 11/16
  2971 | D:2      | Found a snail-covered altar of Cheibriados.
  3688 | D:3      | Found a hazy altar of Hepliaklqana.
  3779 | D:3      | Found a shattered altar of Ashenzari.
  3832 | D:3      | Reached skill level 6 in Spellcasting
  4281 | D:3      | Found a basalt altar of Yredelemnul.
  4444 | D:3      | Reached XP level 7. HP: 36/36 MP: 12/18
  4530 | D:3      | Found a blossoming altar of Fedhas.
  5104 | D:4      | Reached skill level 7 in Spellcasting
  5325 | D:4      | Found an opulent altar of Gozag.
  5584 | D:5      | Entered Level 5 of the Dungeon
  5744 | D:5      | Found a radiant altar of Vehumet.
  5748 | D:5      | Found a shimmering altar of Xom.
  5754 | D:5      | Became a worshipper of Vehumet
  5832 | D:5      | Slain by a bullfrog skeleton

Levels and vault maps discovered:
D:1:      lightli_arrival_farm, layout_loops_corners, serial_forest,
          infiniplex_forest_clump_small, infiniplex_forest_lined_1,
          infiniplex_forest_clump_small, infiniplex_forest_lined_2
D:2:      minmay_recursive_quarters, layout_basic, marbit_many_paths,
          first_ration, minmay_pentomino_pile, uniq_sigmund
D:3:      layout_loops_ring, lemuel_crystal_altar, nicolae_ashenzari_panopticon,
          yredelemnul_forgotten_temple_becter, fedhas_altar_4
D:4:      layout_cave_pools, grunt_gozag_breadcrumbs
D:5:      layout_cave_pools, gammafunk_temple_overflow_arena,
          nicolae_overflow_hidden_temple,
          chequers_temple_overflow_statue_of_worship, temple_statues,
          kennysheep_nondescript, uniq_eustachio, uniq_edmund

Skill      XL: |  1  2  3  4  5  6  7 |
---------------+----------------------+-----
Dodging        | 3 |  3.1
Conjurations   | 2 3 4 |  4.7
Spellcasting   | 5 6 7 |  7.2
Fire Magic     | 1 2 3 4 |  4.2
Summonings     | 2 |  2.2
Air Magic      | 1 2 |  2.2
Poison Magic   | 1 2 |  2.0
Stealth        | |  2.4
Translocations | |  1.1

Action                   |  1- 3 |  4- 6 |  7- 9 || total
-------------------------+-------+-------+-------++-------
Melee: Dagger            |       |    11 |     4 ||    15
 Cast: Magic Dart        |   107 |   135 |    75 ||   317
       Call Imp          |       |     3 |       ||     3
       Conjure Flame     |       |     4 |       ||     4
       Mephitic Cloud    |       |     3 |     2 ||     5
       Blink             |       |       |     1 ||     1
 Stab: Confused          |       |     1 |       ||     1
  Eat: Ration            |     1 |       |       ||     1
       Chunk             |       |     7 |     4 ||    11
Armor: Robe              |     2 |     7 |     4 ||    13
Dodge: Dodged            |     4 |    21 |     9 ||    34
Block: Other             |       |       |     1 ||     1

Table legend:
 A = Non-vault XP
 B = Vault XP
 C = Vault XP percentage of total XP
 D = Non-vault monster count
 E = Vault monster count
 F = Vault count percentage of total count
                 A         B        C        D         E       F
            +---------+---------+-------+---------+---------+-------
      Total |     886 |     264 |  23.0 |      99 |      18 |  15.4
            +---------+---------+-------+---------+---------+-------
        D:1 |      27 |       0 |   0.0 |      18 |       0 |   0.0
        D:2 |     115 |     263 |  69.6 |      32 |      17 |  34.7
        D:3 |     368 |       1 |   0.3 |      31 |       1 |   3.1
        D:4 |     309 |       0 |   0.0 |      13 |       0 |   0.0
        D:5 |      67 |       0 |   0.0 |       5 |       0 |   0.0
            +---------+---------+-------+---------+---------+-------
